 Dungeon Crawl Stone Soup version 0.31-a0-210-gccc998df9b (webtiles) character file.

Game seed: 4579956101384547115

993 qw the Skirmisher (level 8, -2/49 HPs)
             Began as a Gargoyle Hexslinger on June 29, 2023.
             Was an Initiate of Okawaru.
             Slain by a yak (5 damage)
             ... on level 5 of the Dungeon.
             The game lasted 00:01:24 (3015 turns).

qw the Skirmisher (Gargoyle Hexslinger)             Turns: 3015, Time: 00:01:25

Health: -2/49      AC: 13    Str: 12    XL:     8   Next: 19%
Magic:  7/9        EV: 13    Int: 14    God:    Okawaru [......]
Gold:   290        SH:  0    Dex: 14    Spells: 8/9 levels left

rFire   . . .        Y - +1 orcbow (freeze)
rCold   . . .        (shield currently unavailable)
rNeg    + . .        h - +0 ring mail
rPois   inf          (no helmet)
rElec   +            (no cloak)
rCorr   .            (no gloves)
SInv    .            e - +0 pair of boots
Will    .....        (no amulet)
Stlth   ++           (no ring)
HPRegen 0.28/turn    (no ring)
MPRegen 0.11/turn

%: no passive effects
@: heroic
A: sickness immunity, AC +5, negative energy resistance 1, electricity
resistance, torment resistance 1, petrification resistance
a: Renounce Religion


You were on level 5 of the Dungeon.
You worshipped Okawaru.
Okawaru was noncommittal.
You visited 1 branch of the dungeon, and saw 5 of its levels.

You collected 290 gold pieces.


Innate Abilities, Weirdness & Mutations

You are immune to sickness and miasma.
Your stone body is resilient. (AC +5)
You are immune to poison.
You resist negative energy. (rN+)
You are resistant to electric shocks. (rElec)
You are resistant to unholy torment.
You are immune to petrification.


   Skills:
 - Level 5.2(10.2) Fighting
 - Level 8.0(13.0) Ranged Weapons
 + Level 1.0(6.0) Armour
 - Level 1.5(6.5) Dodging
 - Level 1.0 Spellcasting
 - Level 2.6 Hexes


You had 8 spell levels left.
You knew the following spells:

 Your Spells              Type           Power      Damage    Failure   Level
a - Slow                  Hex            32%        N/A       19%         1

Your spell library contained the following spells:

 Spells                   Type           Power      Damage    Failure   Level
 Inner Flame              Hex/Fire       4%         N/A       67%         3
 Portal Projectile        Hex/Tloc       8%         N/A       67%         3
 Cause Fear               Hex            4%         N/A       87%         4

Inventory:

Hand Weapons
 Y - a +1 orcbow of freezing (weapon)
Armour
 e - a +0 pair of boots (worn)
 h - a +0 ring mail (worn)
Scrolls
 a - 2 scrolls of identify
Potions
 b - a potion of attraction {unknown}
 d - 3 potions of haste
 f - 2 potions of might
 g - a potion of mutation

Dungeon Overview and Level Annotations

Branches:
Dungeon (5/15)
 Temple: D:4-7

Altars:
Fedhas
Kikubaaqudgha
Nemelex Xobeh
Okawaru

Annotations:
D:4 1 runed translucent door, qw's ghost, novice GrFi


Message History

A yak comes into view.
You shoot an arrow. The arrow barely misses the yak.
The yak bellows!
You hear a bellow!
The yak completely misses you.
A yak comes into view.
You shoot an arrow.
The arrow hits the yak but does no damage.
The yak is severely wounded.
The yak misses you.
You shoot an arrow. The arrow hits the yak!
The arrow freezes the yak.
You kill the yak!
Okawaru is honoured by your kill.
You can now gain great but temporary skills.
A yak comes into view.
Your Fighting skill increases to level 5!
You shoot an arrow. The arrow hits the yak!
The arrow freezes the yak.
The yak is moderately wounded.
You shoot an arrow. The arrow hits the yak!
The arrow freezes the yak.
The yak is heavily wounded.
The yak gores you! The yak misses you.
You shoot an arrow. The arrow barely misses the yak.
The yak gores you.
You shoot an arrow. The arrow hits the yak.
The arrow freezes the yak.
The yak is severely wounded.
The yak misses you.
You shoot an arrow. The arrow completely misses the yak.
The yak gores you but does no damage.
You shoot an arrow. The arrow hits the yak!
The arrow freezes the yak.
The yak is moderately wounded.
The yak gores you. The yak gores you but does no damage. The yak gores you!
The yak misses you.
3014 ||| INVOKING Heroism.
You gain the combat prowess of a mighty hero.
You can no longer gain great but temporary skills.
The yak gores you! x2; The yak completely misses you.
You shoot an arrow. The arrow hits the yak!
The arrow freezes the yak.
The yak is almost dead.
The yak gores you but does no damage. The yak gores you. x2
You die...

... .# . ##. .. .# .
#.....#..##.. .# .
#######..##.......##.#$.
.............##.#..[..
......##..##...Y#...##..
......##......YYYY......
......##......##@#
########.........# ...#
#...)..#### ##.#
##.%.)..# #.####.......#
#............#
#####.>......#
##.####### #.#


You could see 5 yaks.

Vanquished Creatures
  A yak (D:5)
  A black bear (D:4)
  An ice beast (D:5)
  An ogre (D:5)
  3 scorpions
  A howler monkey (D:5)
  A hound (D:4)
  A jelly (D:5)
  A sleepcap (D:3)
  2 iguanas (D:4)
  2 orc wizards
  3 gnolls (D:4)
  8 adders
  A worm (D:2)
  7 orcs
  5 endoplasms
  2 giant cockroaches
  8 goblins
  2 hobgoblins
  12 jackals
  4 quokkas
  4 ball pythons
  7 bats
  3 frilled lizards
  5 kobolds
  5 rats
91 creatures vanquished.

Notes
Turn   | Place    | Note
-------+----------+-------------------------------------------
     0 | D:1      | qw the Gargoyle Hexslinger began the quest for the Orb.
     0 | D:1      | Reached XP level 1. HP: 12/12 MP: 2/2
     0 | D:1      | 0 ||| qw: Version: 0.3-a-24-ga2abf7b
     0 | D:1      | 0 ||| qw: Game counter: 6936
     0 | D:1      | 0 ||| qw: Melee chars always use a shield: true
     0 | D:1      | 0 ||| qw: God list: Okawaru
     0 | D:1      | 0 ||| qw: Allow faded altars: false
     0 | D:1      | 0 ||| qw: Do Orc after clearing Dungeon:15 true
     0 | D:1      | 0 ||| qw: Do second Lair branch before Depths: true
     0 | D:1      | 0 ||| qw: Lair rune preference: random
     0 | D:1      | 0 ||| qw: Goals: Normal
     0 | D:1      | 0 ||| PLANNING D:1-11
   403 | D:1      | Found a faded altar of an unknown god.
   495 | D:1      | Reached XP level 2. HP: 9/16 MP: 3/3
   585 | D:1      | 585 ||| FLEEEEING.
   586 | D:1      | 586 ||| FLEEEEING.
   588 | D:1      | 588 ||| FLEEEEING.
   592 | D:1      | 592 ||| FLEEEEING.
   593 | D:1      | 593 ||| FLEEEEING.
   594 | D:1      | 594 ||| FLEEEEING.
   595 | D:1      | 595 ||| FLEEEEING.
   596 | D:1      | 596 ||| FLEEEEING.
   597 | D:1      | 597 ||| FLEEEEING.
   844 | D:1      | 844 ||| UPGRADING to +0 pair of boots.
   849 | D:1      | 849 ||| UPGRADING to +0 ring mail.
   859 | D:1      | 859 ||| DROPPING +0 robe.
   860 | D:1      | 860 ||| READING scroll labelled VEF HALANAROI.
   861 | D:1      | 861 ||| DROPPING scroll of poison.
   900 | D:2      | Reached skill level 3 in Ranged Weapons
  1033 | D:2      | Reached XP level 3. HP: 19/20 MP: 4/4
  1133 | D:2      | Reached skill level 1 in Armour
  1264 | D:2      | Reached XP level 4. HP: 23/26 MP: 5/5
  1459 | D:2      | 1459 ||| READING 3 scrolls labelled CUODDI VI NAI.
  1460 | D:2      | 1460 ||| READING scroll labelled CERGHOKHO XUTYHAF.
  1461 | D:2      | 1461 ||| DRINKING 2 bubbling purple potions.
  1462 | D:2      | 1462 ||| READING 2 scrolls of identify.
  1462 | D:2      | 1462 ||| IDENTIFYING amethyst potion
  1526 | D:3      | HP: 6/26 [jackal (2)]
  1528 | D:3      | HP: 2/26 [sleepcap (3)]
  1533 | D:3      | Reached skill level 4 in Ranged Weapons
  1533 | D:3      | Reached XP level 5. HP: 1/30 MP: 6/6
  1535 | D:3      | HP: 1/30 [jackal (1)]
  1701 | D:3      | Found a blossoming altar of Fedhas.
  1704 | D:3      | Found an iron altar of Okawaru.
  1710 | D:3      | 1710 ||| SWAPPING to +1 orcbow of freezing.
  1711 | D:3      | 1711 ||| DROPPING +2 sling.
  1881 | D:3      | 1881 ||| DROPPING ring of magical power.
  1882 | D:3      | 1882 ||| READING 3 scrolls of identify.
  1882 | D:3      | 1882 ||| IDENTIFYING silvery potion
  1883 | D:3      | 1883 ||| READING 2 scrolls of identify.
  1883 | D:3      | 1883 ||| IDENTIFYING fizzy grey potion
  1884 | D:3      | 1884 ||| DROPPING potion of lignification.
  1914 | D:4      | Found a runed translucent door.
  1917 | D:4      | Noticed qw's ghost (novice GrFi)
  1932 | D:4      | 1932 ||| STAIRDANCE
  1989 | D:4      | Reached skill level 5 in Ranged Weapons
  2016 | D:4      | Reached XP level 6. HP: 34/36 MP: 7/7
  2072 | D:4      | Reached skill level 3 in Fighting
  2159 | D:4      | Noticed a black bear
  2163 | D:4      | Killed a black bear
  2164 | D:4      | Reached skill level 6 in Ranged Weapons
  2179 | D:4      | Reached XP level 7. HP: 28/41 MP: 8/8
  2433 | D:4      | 2433 ||| STAIRDANCE
  2434 | D:3      | Found an ancient bone altar of Kikubaaqudgha.
  2434 | D:3      | Found a sparkling altar of Nemelex Xobeh.
  2435 | D:3      | 2435 ||| PLANNING OKAWARU WORSHIP
  2442 | D:3      | Became a worshipper of Warmaster Okawaru
  2443 | D:3      | 2443 ||| PLANNING D:1-11
  2696 | D:4      | 2696 ||| READING scroll labelled NUENERGHOATS.
  2712 | D:5      | Entered Level 5 of the Dungeon
  2759 | D:5      | Reached skill level 7 in Ranged Weapons
  2943 | D:5      | Reached skill level 8 in Ranged Weapons
  2943 | D:5      | Reached XP level 8. HP: 34/48 MP: 9/9
  2998 | D:5      | Noticed a yak
  3002 | D:5      | Noticed a yak
  3004 | D:5      | Noticed a yak
  3004 | D:5      | Noticed a yak
  3005 | D:5      | Noticed a yak
  3007 | D:5      | Killed a yak
  3007 | D:5      | Reached * piety under Okawaru
  3007 | D:5      | Noticed a yak
  3014 | D:5      | 3014 ||| INVOKING Heroism.
  3014 | D:5      | HP: 6/49 [yak (12)]
  3015 | D:5      | Slain by a yak

Levels and vault maps discovered:
D:1:      dpeg_arrival_rhombus, layout_loops_corners,
          hellmonk_ecumenical_altar_blasted
D:2:      layout_basic, minmay_pentomino_t2
D:3:      layout_rooms, nicolae_overflow_hidden_temple, feat_on_display
D:4:      layout_rooms, ebering_ghost_reflecting_pool
D:5:      layout_basic, minmay_temple_entry_ruins

Skill      XL: |  1  2  3  4  5  6  7  8 |
---------------+-------------------------+-----
Ranged Weapons | 3 4 5 6 8 |  8.0
Fighting       | 2 3 4 5 |  5.2
Armour         | 1 |  1.0
Dodging        | |  1.5
Spellcasting   | |  1.0
Hexes          | |  2.6

Action                     |  1- 3 |  4- 6 |  7- 9 || total
---------------------------+-------+-------+-------++-------
   Fire: Sling             |   130 |    70 |       ||   200
         Orcbow            |       |    58 |    99 ||   157
 Invoke: Heroism           |       |       |     1 ||     1
    Use: Scroll            |     1 |     5 |     1 ||     7
         Potion            |       |     1 |       ||     1
 Armour: Robe              |     5 |       |       ||     5
         Ring mail         |    39 |    46 |    53 ||   138
  Dodge: Dodged            |    75 |    54 |    48 ||   177

Table legend:
 A = Non-vault XP
 B = Vault XP
 C = Vault XP percentage of total XP
 D = Non-vault monster count
 E = Vault monster count
 F = Vault count percentage of total count
                 A         B        C        D         E       F
            +---------+---------+-------+---------+---------+-------
      Total |    1418 |       1 |   0.1 |      90 |       1 |   1.1
            +---------+---------+-------+---------+---------+-------
        D:1 |      13 |       0 |   0.0 |       9 |       0 |   0.0
        D:2 |      85 |       1 |   1.2 |      30 |       1 |   3.2
        D:3 |      87 |       0 |   0.0 |      14 |       0 |   0.0
        D:4 |     543 |       0 |   0.0 |      27 |       0 |   0.0
        D:5 |     690 |       0 |   0.0 |      10 |       0 |   0.0
            +---------+---------+-------+---------+---------+-------
